 Dungeon Crawl Stone Soup version 0.28-a0-1429-gf3d713df7a (webtiles) character file.

Game seed: 15675145640977087341

1649 brmiller01 the Cleaver (level 8, -2/75 HPs)
             Began as a Minotaur Berserker on Jan 8, 2022.
             Was a Priest of Trog.
             Killed by divine providence
             ... invoked by an orc priest
              (16 damage)
             ... on level 6 of the Dungeon.
             The game lasted 00:10:15 (6696 turns).

brmiller01 the Cleaver (Minotaur Berserker)         Turns: 6696, Time: 00:10:15

Health: -2/75      AC:  8    Str: 24    XL:     8   Next: 67%
Magic:  7/7        EV:  8    Int:  4    God:    Trog [***...]
Gold:   184        SH:  5    Dex: 10    Spells: 7/7 levels left

rFire   . . .      SeeInvis .   a - +0 hand axe
rCold   . . .      Faith    .   (no shield)
rNeg    . . .      Spirit   .   r - +0 chain mail
rPois   .          Reflect  +   (helmet restricted)
rElec   .          Harm     .   (no cloak)
rCorr   .          Rampage  .   (no gloves)
Will    +....                   (no boots)
Stlth   ..........              q - amulet of reflection
HPRegen 0.22/turn               e - ring of willpower
MPRegen 0.10/turn               (no ring)

@: no status effects
A: horns 2, retaliatory headbutt
a: Renounce Religion, Berserk, Trog's Hand


You were on level 6 of the Dungeon.
You worshipped Trog.
Trog was most pleased with you.
You visited 1 branch of the dungeon, and saw 6 of its levels.
You also visited: Sewer.

You collected 299 gold pieces.
You spent 115 gold pieces at shops.

Inventory:

Hand Weapons
 a - a +0 hand axe (weapon)
Missiles
 f - 4 throwing nets (quivered)
Armour
 r - a +0 chain mail (worn)
Jewellery
 e - a ring of willpower (left hand)
 q - an amulet of reflection (around neck)
 x - a +6 ring of intelligence
Wands
 j - a wand of iceblast (4)
 t - a wand of digging (8)
Scrolls
 d - a scroll of enchant armour
 g - a scroll of enchant weapon
 u - 5 scrolls of teleportation
Potions
 b - 4 potions of heal wounds
 c - a potion of curing
 l - 5 potions of haste
 m - a potion of might
 s - a potion of flight


   Skills:
 + Level 8.5 Fighting
 * Level 11.4 Axes
 - Level 2.4 Armour
 - Level 2.1 Dodging


You had 7 spell levels left.
You didn't know any spells.
Your spell library was empty.

Dungeon Overview and Level Annotations

Branches:
Dungeon (6/15)             Temple (0/1) D:5           Sewer (visited)

Altars:
Ashenzari
Cheibriados
Hepliaklqana
Nemelex Xobeh
Okawaru
Trog
Vehumet

Shops:
D:4 *


Innate Abilities, Weirdness & Mutations

You have a pair of horns on your head.
You reflexively headbutt those who attack you in melee.


Message History

Things that are here:
a +0 dagger; an adder corpse You hit the orc but do no damage.
You headbutt the orc.
You kill the orc!
Trog accepts your kill.
You closely miss the orc warrior.
The orc warrior hits you with a +0 war axe!
You barely miss the orc warrior. You barely miss the orc warrior.
You headbutt the orc warrior.
The orc warrior is lightly wounded.
The orc warrior hits you with a +0 war axe!
You hit the orc warrior but do no damage.
You headbutt the orc warrior.
The orc warrior is lightly wounded.
The orc warrior hits you with a +0 war axe.
You hit the orc warrior. Your headbutt misses the orc warrior.
The orc warrior is moderately wounded.
The orc warrior barely misses you.
You hit the orc warrior but do no damage.
The orc warrior is moderately wounded.
You slash the orc warrior! Your headbutt misses the orc warrior.
The orc warrior is severely wounded.
The orc warrior barely misses you.
You closely miss the orc warrior. You headbutt the orc warrior.
The orc warrior is severely wounded.
The orc warrior barely misses you. You furiously retaliate!
You headbutt the orc warrior. You barely miss the orc warrior.
The orc warrior is almost dead.
The orc warrior hits you with a +0 war axe!
* * * LOW HITPOINT WARNING * * *
You hit the orc warrior but do no damage.
The orc warrior is almost dead.
You hit the orc warrior but do no damage.
The orc warrior is almost dead.
The orc warrior hits you with a +0 war axe!
* * * LOW HITPOINT WARNING * * *
The orc priest invokes the aid of Beogh against you.
Beogh smites you!
You die...

#.8.8.8.8..#
#..........# .. >.
#.8.8...8.##
.#.#.#..
#.........#
.........
#######.###
#.#.#.#.# #..#
.....[..# ##.##
........#######..#
..........o)o.@.##
..........#######
.........##
......8### ...!...
....8.8 #......
...#8.. ...#...


You could see an orc warrior and an orc priest.

Vanquished Creatures
  Grinder (D:3)
  A water moccasin (Sewer)
  2 ice beasts
  A centaur (D:5)
  A phantom (D:3)
  A gnoll sergeant (D:5)
  5 scorpions
  A water moccasin skeleton (D:5)
  A hound (D:3)
  A jelly (D:5)
  A centaur skeleton (D:4)
  2 bullfrog skeletons (D:5)
  A gnoll shaman (D:5)
  An orc priest (D:6)
  A scorpion zombie (D:5)
  2 iguanas
  2 hound skeletons
  9 gnolls
  A howler monkey skeleton (D:4)
  8 adders
  An ufetubus (D:3)
  An adder skeleton (D:2)
  A worm (D:2)
  4 dart slugs
  3 orcs
  10 ball pythons
  10 endoplasms
  3 giant cockroaches
  12 goblins
  9 hobgoblins
  4 jackals (D:4)
  7 kobolds
  5 quokkas
  8 bats
  5 frilled lizards
  2 rats
128 creatures vanquished.

Vanquished Creatures (others)
  A plant (D:5)
1 creature vanquished.

Grand Total: 129 creatures vanquished

Notes
Turn   | Place    | Note
-------+----------+-------------------------------------------
     0 | D:1      | brmiller01 the Minotaur Berserker began the quest for the
                  | Orb.
     0 | D:1      | Reached XP level 1. HP: 19/19 MP: 0/0
   120 | D:1      | Reached skill level 4 in Axes
   139 | D:1      | Found a faded altar of an unknown god.
   229 | D:1      | Reached XP level 2. HP: 18/27 MP: 1/1
   764 | D:1      | Reached XP level 3. HP: 33/33 MP: 2/2
  1031 | D:2      | Reached skill level 5 in Axes
  1079 | D:2      | Reached ** piety under Trog
  1332 | D:2      | Reached XP level 4. HP: 38/41 MP: 3/3
  1972 | D:3      | Reached skill level 6 in Axes
  2086 | D:3      | Reached XP level 5. HP: 43/47 MP: 4/4
  2196 | D:3      | Noticed a phantom
  2208 | D:3      | Killed a phantom
  2209 | D:3      | Reached skill level 5 in Fighting
  2677 | D:3      | Noticed Grinder
  2700 | D:3      | Paralysed by Grinder for 2 turns
  2715 | D:3      | Killed Grinder
  2716 | D:3      | Reached skill level 7 in Axes
  2716 | D:3      | Reached XP level 6. HP: 38/57 MP: 5/5
  3121 | D:4      | Found Jicisun's Assorted Antiques.
  3146 | D:4      | Bought a small ruby amulet for 115 gold pieces
  3161 | D:4      | You fall into a shaft and drop 1 floor!
  3161 | D:5      | Entered Level 5 of the Dungeon
  3172 | D:5      | Reached skill level 8 in Axes
  3172 | D:5      | Reached XP level 7. HP: 49/63 MP: 6/6
  3245 | D:5      | Found a glowing drain.
  3272 | Sewer    | Entered a sewer
  3276 | Sewer    | Reached *** piety under Trog
  3313 | Sewer    | Reached skill level 9 in Axes
  4129 | D:4      | Found a sparkling altar of Nemelex Xobeh.
  4135 | D:4      | Found a hazy altar of Hepliaklqana.
  4140 | D:4      | Found a broken altar of Ashenzari.
  4433 | D:4      | Reached XP level 8. HP: 69/73 MP: 7/7
  4934 | D:5      | Found a staircase to the Ecumenical Temple.
  5014 | D:5      | Reached skill level 10 in Axes
  5737 | D:5      | Found a snail-covered altar of Cheibriados.
  5737 | D:5      | Found an iron altar of Okawaru.
  5737 | D:5      | Found a radiant altar of Vehumet.
  6019 | D:5      | Reached skill level 11 in Axes
  6059 | D:5      | Found a bloodstained altar of Trog.
  6696 | D:6      | Killed from afar by an orc priest

Illustrated notes

Levels and vault maps discovered:
D:1:      onia_arrival_mini_maze, layout_rooms,
          hellmonk_ecumenical_altar_lost_god, minmay_close_crescents
D:2:      layout_basic, hex_large, minivault_11
D:3:      layout_loops_corners, minmay_fractal_squares_gapless_5, uniq_grinder
D:4:      layout_basic, minmay_overflow_temple_star_quad, serial_shops, shop,
          minmay_misc_feat_enclosed
D:5:      layout_cave_pools, trog_book, gammafunk_temple_overflow_forgotten,
          minmay_temple_entry_junction_2, portal_sewer_entry_f,
          grunt_ministairs_10
D:6:      layout_cave_pools, nicolae_ru_great_annihilating_truth,
          serial_column_ruins, column_ruins_hut_pillars, column_ruins_grid_3,
          column_ruins_corridor_corner, column_ruins_grid_4,
          column_ruins_grid_4, enter_ossuary_5, st_stairs_2, uniq_blork_the_orc

Skill      XL: |  1  2  3  4  5  6  7  8 |
---------------+-------------------------+-----
Axes           | 4 5 6 7 8 9 11 | 11.4
Fighting       | 4 6 7 8 |  8.5
Armour         | |  2.4
Dodging        | |  2.1

Action                   |  1- 3 |  4- 6 |  7- 9 || total
-------------------------+-------+-------+-------++-------
Melee: Hand axe          |    85 |    93 |   204 ||   382
       Headbutt          |     7 |    18 |    49 ||    74
       Punch             |     1 |       |       ||     1
Invok: Berserk           |       |     1 |       ||     1
       Trog's Hand       |       |     1 |       ||     1
  Use: Scroll            |       |       |    17 ||    17
       Potion            |       |       |     1 ||     1
Armor: Animal skin       |     1 |       |       ||     1
       Leather armour    |    19 |    12 |       ||    31
       Ring mail         |       |    12 |    16 ||    28
       Chain mail        |       |       |    33 ||    33
Dodge: Dodged            |    53 |    61 |    70 ||   184
Block: Other             |       |     3 |    28 ||    31
       Reflection        |       |     2 |     1 ||     3

Table legend: (Time is in decaauts)
 A = Elapsed time spent in this place.
 B = Non-inter-level travel time spent in this place.
 C = Inter-level travel time spent in this place.
 D = Time resting spent in this place.
 E = Time spent auto-exploring this place.
 F = Levels seen in this place.
 G = Mean time per level.
                   A        B        C        D        E       F      G
               +--------+--------+--------+--------+--------+-----+--------+
         Total |   6684 |   6435 |    249 |   1257 |   4207 |   7 |  954.9 |
       Dungeon |   6226 |   5977 |    249 |    884 |   4163 |   6 | 1037.7 |
         Sewer |    458 |    458 |      0 |    373 |     44 |   1 |  458.0 |
               +--------+--------+--------+--------+--------+-----+--------+

Top non-repeatable levels by time:
     D:4: 1758 daAuts
     D:3: 1208 daAuts
     D:5: 1142 daAuts
     D:2: 1026 daAuts
     D:1: 891 daAuts
   Sewer: 458 daAuts
     D:6: 199 daAuts
